 Dungeon Crawl Stone Soup version 0.29.1-1-gd02db6906a (webtiles) character file.

Game seed: 14837561375605150719

172 MisterFreud the Twirler (level 5, 0/38 HPs)
             Began as a Formicid Gladiator on Oct 22, 2022.
             Slain by an orc
             ... wielding a +2 hand axe of electrocution
              (17 damage)
             ... on level 3 of the Dungeon.
             The game lasted 00:02:17 (2302 turns).

MisterFreud the Twirler (Formicid Gladiator)        Turns: 2302, Time: 00:02:17

Health: 0/38       AC:  8    Str: 20    XL:     5   Next: 83%
Magic:  5/5        EV:  8    Int:  8    God:
Gold:   139        SH:  0    Dex: 15    Spells: 4/4 levels left

rFire   . . .      SeeInvis +   a - +1 quarterstaff
rCold   . . .      Faith    .   (no shield)
rNeg    . . .      Spirit   .   l - +0 chain mail
rPois   .          Reflect  .   (helmet unavailable)
rElec   .          Harm     .   (no cloak)
rCorr   .          Rampage  .   (no gloves)
Will    .....                   (no boots)
Stlth   ..........              (no amulet)
HPRegen 0.12/turn               (no ring)
MPRegen 0.09/turn               (no ring)

@: no status effects
A: permanent stasis, dig shafts and tunnels, antennae 3, four strong arms
a: Dig, Shaft Self


You were on level 3 of the Dungeon.
You visited 1 branch of the dungeon, and saw 3 of its levels.

You collected 139 gold pieces.

Inventory:

Hand Weapons
 a - a +1 quarterstaff (weapon)
Missiles
 c - 2 throwing nets (quivered)
 d - a javelin
 i - 6 poisoned darts
Armour
 b - a +0 leather armour
 l - a +0 chain mail (worn)
Jewellery
 n - a ring of flight
Scrolls
 g - a scroll of identify
Potions
 e - a potion of flight {unknown}
 f - a potion of might
 h - a potion of attraction {unknown}
 j - 2 potions of heal wounds
 k - 2 potions of magic {unknown}
 m - a potion of mutation {unknown}


   Skills:
 - Level 2.1 Fighting
 * Level 5.5 Staves
 - Level 2.0 Throwing
 + Level 2.3 Armour
 - Level 2.6 Dodging


You had 4 spell levels left.
You didn't know any spells.
Your spell library contained the following spells:

 Spells                   Type           Power      Damage    Failure   Level
 Apportation              Tloc           0%         N/A       99%         1
 Necrotise                Necr           0%         1d4       99%         1
 Summon Small Mammal      Summ           0%         N/A       99%         1


Dungeon Overview and Level Annotations

Branches:
Dungeon (3/15)

Altars:

Shops:
D:1 [   D:3 :


Innate Abilities, Weirdness & Mutations

You cannot be hasted, slowed, berserked, paralysed or teleported.
You can dig through walls and to a lower floor.
You have a pair of large antennae on your head. (SInv)
Your four strong arms can wield two-handed weapons with a shield.


Message History

You hit the orc.
The orc is lightly wounded.
The orc hits you but does no damage.
You closely miss the orc. You punch the orc, but do no damage.
The orc is lightly wounded.
The orc barely misses you.
You hit the orc.
The orc is moderately wounded.
The orc barely misses you.
You barely miss the orc. You punch the orc, but do no damage.
The orc is moderately wounded.
The orc completely misses you.
You barely miss the orc.
The orc is moderately wounded.
The orc hits you with a +2 hand axe of electrocution.
You barely miss the orc.
The orc is moderately wounded.
The orc hits you with a +2 hand axe of electrocution.
You hit the orc.
The orc is moderately wounded.
The orc closely misses you.
You closely miss the orc.
The orc is moderately wounded.
The orc closely misses you.
You closely miss the orc.
The orc is moderately wounded.
The orc hits you but does no damage.
You closely miss the orc.
The orc is moderately wounded.
The orc barely misses you.
You barely miss the orc.
The orc is moderately wounded.
The orc hits you with a +2 hand axe of electrocution.
You hit the orc but do no damage.
The orc is moderately wounded.
The orc hits you with a +2 hand axe of electrocution.
You hit the orc.
The orc is severely wounded.
The orc hits you but does no damage.
You are electrocuted!
You die...

..♣...♣.#
#.##.................
.♣.♣.♣.♣#
#.##.#...#............
♣...♣...#
#.##.#...#.............
.♣.♣.♣.♣#
#.##.....+.#######.###.
..♣...♣.#
#.####...######..... ..
.♣.♣.♣..#
#.........###.#.##.##..
........#
#########.....#.##.#...
########..
########.#......#.#.#.
...+....@oo........#.#.#.
..#######''####...#.#.#.
##..{.....##......#.
##..........##.##.##.
#.....[......####.##.
#..............# #.##.
........†.......##....
..........o......####.
.......o......... #..


You could see 2 orcs.

Vanquished Creatures
  Pargi (D:3)
  An orc wizard (D:3)
  A worm (D:3)
  A dart slug (D:1)
  2 orcs
  3 ball pythons
  A bat (D:1)
  2 endoplasms
  A giant cockroach (D:1)
  6 goblins
  8 hobgoblins
  4 jackals (D:1)
  3 kobolds
  A quokka (D:1)
  2 frilled lizards
  5 rats
42 creatures vanquished.

Notes
Turn   | Place    | Note
-------+----------+-------------------------------------------
     0 | D:1      | MisterFreud the Formicid Gladiator began the quest for the
                  | Orb.
     0 | D:1      | Reached XP level 1. HP: 16/16 MP: 1/1
   139 | D:1      | Found a faded altar of an unknown god.
   292 | D:1      | Reached XP level 2. HP: 17/22 MP: 2/2
   808 | D:1      | Found Jevvol Bedd's Armour Boutique.
   814 | D:1      | Reached skill level 4 in Staves
   814 | D:1      | Reached XP level 3. HP: 26/27 MP: 3/3
  1493 | D:3      | Noticed Pargi
  1503 | D:3      | Killed Pargi
  1504 | D:3      | Reached skill level 5 in Staves
  1504 | D:3      | Reached XP level 4. HP: 33/33 MP: 4/4
  1504 | D:3      | Reached XP level 5. HP: 38/38 MP: 5/5
  1530 | D:3      | Found Hixkim's Book Shop.
  1785 | D:2      | You fall into a shaft and drop 1 floor!
  2105 | D:3      | Identified the +2 leather armour of the Lobster {Harm
                  | +Blink Dex-5 Stlth-}
  2302 | D:3      | Slain by an orc

Illustrated notes

Levels and vault maps discovered:
D:1:      kilobyte_arrival_exit_the_forest, layout_loops_ring, serial_shops,
          nicolae_shop_statue_plus, dreamdust_ecumenical_altar_statues
D:2:      layout_basic, hex_tiny, serial_bayou_pond_b, minivault_5,
          serial_park_tiny_1
D:3:      kennysheep_big_flooded_room, layout_basic, serial_shops, shop_statue,
          kennysheep_crisscross, minmay_vboxes, uniq_pargi, uniq_sigmund,
          uniq_crazy_yiuf_cottage

Skill      XL: |  1  2  3 |
---------------+----------+-----
Staves         | 4 5 |  5.5
Armour         | 2 |  2.3
Fighting       | |  2.1
Throwing       | |  2.0
Dodging        | |  2.6

Action                   |  1- 3 |  4- 6 || total
-------------------------+-------+-------++-------
Melee: Quarterstaff      |    84 |    63 ||   147
       Punch             |       |     3 ||     3
Throw: Throwing net      |     2 |       ||     2
 Abil: Shaft Self        |       |     1 ||     1
  Use: Scroll            |     4 |     2 ||     6
 Stab: Held in net/web   |     1 |       ||     1
Armor: Leather armour    |    17 |       ||    17
       Chain mail        |     8 |    35 ||    43
Dodge: Dodged            |    62 |    27 ||    89
